 Dungeon Sprint DCSS version 0.29.1-13-g9f3cf754e1 (webtiles) character file.

Game seed: 9428555191607845097

597 LSt the Unseen (level 7, 32/32 HPs)
             Began as a Felid Enchanter on Feb 10, 2023.
             Was a Believer of Dithmenos.
             Quit the game in the Dungeon (Sprint I: "Red Sonja").
             The game lasted 00:07:44 (424 turns).

LSt the Unseen (Felid Enchanter)                     Turns: 424, Time: 00:07:44

Health: 32/32      AC:  2    Str:  4    XL:     7   Next: 17%
Magic:  12/12      EV: 19    Int: 17    God:    Dithmenos [**....]
Gold:   631        SH:  0    Dex: 18    Spells: 1/12 levels left
                                        Lives:  0   Deaths: 2

rFire   . . .      SeeInvis +     - Unarmed
rCold   . . .      Faith    .   (shield unavailable)
rNeg    . . .      Spirit   .   (body armour unavailable)
rPois   .          Reflect  .   (helmet unavailable)
rElec   .          Harm     .   (cloak unavailable)
rCorr   .          Rampage  .   (gloves unavailable)
Will    +....      NoTele   +   (boots unavailable)
Stlth   ++++++++++              (no amulet)
HPRegen 0.10/turn               (no ring)
MPRegen 0.13/turn               (no ring)

@: wreathed by umbra, quick
A: very small, claws 1, fangs 3, see invisible, speed 1, shaggy fur 2, stealthy
paws, no weapons or thrown items, no armour, multi-lived
a: Renounce Religion, Shadow Step


You were in the Dungeon.
You worshipped Dithmenos.
Dithmenos was pleased with you.
You visited 1 branch You collected 631 gold pieces.

Inventory:

Wands
 f - a wand of polymorph (12)
Scrolls
 g - a scroll of blinking
 h - a scroll of identify {unknown}
Potions
 a - 2 potions of invisibility
 b - a potion of curing
 c - a potion of heal wounds
 d - a potion of haste
 e - 2 potions of magic


   Skills:
 - Level 4.0 Fighting
 - Level 4.0 Dodging
 * Level 20.9 Stealth
 + Level 10.6 Unarmed Combat
 - Level 3.0 Spellcasting
 + Level 1.6 Conjurations
 + Level 10.4 Hexes


You had one spell level left.
You knew the following spells:

 Your Spells              Type           Power      Damage    Failure   Level
a - Ensorcelled Hibernat  Hex/Ice        40%        N/A       3%          2
b - Confusing Touch       Hex            38%        N/A       1%          3
c - Tukima's Dance        Hex            38%        N/A       1%          3
d - Dazzling Flash        Conj/Hex       46%        N/A       4%          3

Your spell library contained the following spells:

 Spells                   Type           Power      Damage    Failure   Level


Dungeon Overview and Level Annotations

Branches:
Dungeon (1/1)

Altars:
Cheibriados
Dithmenos
Elyvilon
Fedhas
Gozag
Hepliaklqana
Kikubaaqudgha
Makhleb
Nemelex Xobeh
Okawaru
Qazlal
Ru
Sif Muna
Trog
Uskayaw
Vehumet
Wu Jian
Xom
Yredelemnul
Zin
The Shining One
Jiyva
Lugonu

Shops:
D =:


Innate Abilities, Weirdness & Mutations

You have sharp claws.
You have razor-sharp teeth.
You have supernaturally acute eyesight. (SInv)
You cover ground quickly. (Speed+)
You are covered in thick fur. (AC +2)
Your paws help you pounce on unaware monsters.
You are incapable of wielding weapons or throwing items.
You cannot wear armour.
You gain extra lives every three experience levels.


Message History

Confirm with . or Enter, or press ? or * to list all spells.
Casting: Dazzling Flash (dangerous; 4% risk of failure)
Press: ? - help, Dir - look around, f - activate The demonic crawler is dazzled.
The demonic crawler closely misses you. The demonic crawler misses you.
The demonic crawler closely misses you.
A gargoyle comes into view. It is wielding a +0 mace.
Casting: Dazzling Flash (dangerous; 4% risk of failure)
Confirm with . or Enter, or press ? or * to list all spells.
Okay, then.
Press: ? - help, v - describe, . - travel
Here: a demonic crawler (catching its breath, umbra)
The floor, spattered with blood.
Okay, then.
Casting: Dazzling Flash (dangerous; 4% risk of failure)
Confirm with . or Enter, or press ? or * to list all spells.
Okay, then.
Unknown command.
The demonic crawler misses you. The demonic crawler closely misses you.
The demonic crawler completely misses you.
The demonic crawler hits you!
The demonic crawler completely misses you.
The demonic crawler closely misses you. The gargoyle hits you with a +0 mace!
There is an open door, spattered with blood here.
Unknown command.
You scratch the demonic crawler but do no damage.
The demonic crawler closely misses you. The demonic crawler barely misses you.
The demonic crawler misses you.
The demonic crawler shrieks in warning!
The demonic crawler gives a hideous shriek!
You hear a shout!
Unknown command.
You scratch the demonic crawler but do no damage.
The gargoyle misses you. The demonic crawler hits you!
* * * LOW HITPOINT WARNING * * *
The demonic crawler hits you!
You die...
The demonic crawler hits you!
You are now level 7!
You rejoin the land of the living...
Are you sure you want to abandon this character and quit the game? (Confirm with "yes".)

#######################
#.)'..#.)'..#__#..'..)#
'..#.)'..#..'..'@.#..s##+#
#####'#####'#__####)..†.s#
####..#...#.####$§#####9s+
#__####..##.#~§§§ '##
#_____##'#_.+§§~§ ..
#_.∩...'..._#§§§§ ..○
#_..__##_)#'# +# #.○○
#_____###'#.# ...#
#########†####+### ..##


There were no monsters in sight!

Vanquished Creatures
  Sonja (D)
  A demonic crawler (D)
  2 kobold demonologists (D)
  A slime creature (D)
  Sigmund (D)
  A yak (D)
  A floating eye (D)
  An ogre (D)
  A jelly (D)
  Ijyb (D)
11 creatures vanquished.

Notes
Turn   | Place    | Note
-------+----------+-------------------------------------------
     0 | D        | LSt the Felid Enchanter began the quest for the Orb.
     0 | D        | Reached XP level 1. HP: 7/7 MP: 4/4
     2 | D        | Noticed Ijyb
     9 | D        | Killed Ijyb
    10 | D        | Reached skill level 7 in Stealth
    10 | D        | Reached XP level 2. HP: 11/11 MP: 6/6
    58 | D        | Learned a level 2 spell: Ensorcelled Hibernation
    58 | D        | Noticed an ogre
    61 | D        | Killed an ogre
    62 | D        | Reached skill level 11 in Stealth
    62 | D        | Reached skill level 5 in Unarmed Combat
    62 | D        | Reached XP level 3. HP: 14/14 MP: 7/7
    62 | D        | Reached XP level 4. HP: 18/18 MP: 8/8
    66 | D        | Learned a level 3 spell: Confusing Touch
    75 | D        | Noticed Sigmund
    78 | D        | Killed Sigmund
    79 | D        | Reached skill level 1 in Fighting
    79 | D        | Reached skill level 14 in Stealth
    79 | D        | Reached XP level 5. HP: 22/22 MP: 9/9
    79 | D        | Gained mutation: You are covered in thick fur. (AC +2)
                  | [Felid growth]
    79 | D        | Reached XP level 6. HP: 25/25 MP: 10/10
    83 | D        | Learned a level 3 spell: Tukima's Dance
    94 | D        | Found a shimmering blue altar of Sif Muna.
    95 | D        | Found an ornate altar of the Wu Jian Council.
    97 | D        | Found a radiant altar of Vehumet.
   107 | D        | Found a burning altar of Makhleb.
   107 | D        | Found a viscous altar of Jiyva.
   107 | D        | Found a shimmering altar of Xom.
   107 | D        | Found a corrupted altar of Lugonu.
   107 | D        | Noticed a slime creature
   130 | D        | Found Ruecw's Book Emporium.
   130 | D        | Found an ancient bone altar of Kikubaaqudgha.
   130 | D        | Found a hazy altar of Hepliaklqana.
   130 | D        | Found a hide-covered altar of Uskayaw.
   130 | D        | Found a basalt altar of Yredelemnul.
   130 | D        | Found an opulent altar of Gozag.
   130 | D        | Found a snail-covered altar of Cheibriados.
   130 | D        | Found a sacrificial altar of Ru.
   130 | D        | Found a shadowy altar of Dithmenos.
   130 | D        | Noticed a yak
   131 | D        | Found a stormy altar of Qazlal.
   131 | D        | Found a blossoming altar of Fedhas.
   131 | D        | Found a bloodstained altar of Trog.
   131 | D        | Found an iron altar of Okawaru.
   131 | D        | Found a glowing golden altar of the Shining One.
   131 | D        | Found a glowing silver altar of Zin.
   131 | D        | Found a white marble altar of Elyvilon.
   132 | D        | Killed a yak
   133 | D        | Reached skill level 16 in Stealth
   133 | D        | Found a sparkling altar of Nemelex Xobeh.
   139 | D        | Became a worshipper of Dithmenos the Shadowed
   157 | D        | Killed a slime creature
   158 | D        | Reached XP level 7. HP: 30/30 MP: 10/12
   170 | D        | Noticed a kobold demonologist
   171 | D        | Noticed a kobold demonologist
   174 | D        | Reached skill level 17 in Stealth
   175 | D        | Killed a kobold demonologist
   175 | D        | Reached * piety under Dithmenos
   176 | D        | Reached skill level 18 in Stealth
   176 | D        | Reached skill level 10 in Hexes
   176 | D        | Killed a kobold demonologist
   177 | D        | Reached skill level 19 in Stealth
   177 | D        | Reached XP level 8. HP: 33/33 MP: 13/13
   197 | D        | Noticed Sonja
   200 | D        | Killed Sonja
   201 | D        | Reached skill level 20 in Stealth
   201 | D        | Reached skill level 10 in Unarmed Combat
   205 | D        | Learned a level 3 spell: Dazzling Flash
   225 | D        | Found Weolid's Jewellery Boutique.
   245 | D        | Noticed a deep troll
   257 | D        | Slain by a deep troll
   258 | D        | Reached XP level 7. HP: -2/32 MP: 8/12
   415 | D        | Noticed a demonic crawler
   415 | D        | Noticed a demonic crawler
   415 | D        | Noticed a demonic crawler
   415 | D        | Noticed a demonic crawler
   418 | D        | Killed a demonic crawler
   418 | D        | Reached ** piety under Dithmenos
   419 | D        | Reached skill level 1 in Conjurations
   419 | D        | Reached XP level 8. HP: 36/36 MP: 10/13
   420 | D        | Noticed a gargoyle
   423 | D        | Mangled by a demonic crawler
   424 | D        | Reached XP level 7. HP: -10/32 MP: 4/12
   424 | D        | Quit the game

Illustrated notes

Levels and vault maps discovered:
D:        dungeon_sprint_1 [red_sonja_temple_1, red_sonja_temple_small_1]

Skill      XL: |  1  2  3  4  5  6  7  8 |
---------------+-------------------------+-----
Stealth        | 7 11 14 16 19 20 | 20.9
Unarmed Combat | 3 5 6 8 9 10 | 10.6
Fighting       | 1 2 4 |  4.0
Hexes          | 6 9 10 | 10.4
Spellcasting   | 3 |  3.0
Dodging        | 4 |  4.0
Conjurations   | 1 |  1.6

Action                   |  1- 3 |  4- 6 |  7- 9 || total
-------------------------+-------+-------+-------++-------
Melee: Unarmed           |     6 |     4 |    10 ||    20
       Bite              |       |       |     2 ||     2
 Cast: Ensorcelled Hiber |       |     1 |     2 ||     3
       Dazzling Flash    |       |       |     3 ||     3
       Confusing Touch   |       |       |     1 ||     1
  Use: Potion            |     1 |       |       ||     1
       Scroll            |       |       |     1 ||     1
 Stab: Sleeping          |     1 |     4 |     4 ||     9
       Invisible         |       |       |     2 ||     2
Dodge: Dodged            |     4 |       |    21 ||    25
